 Dungeon Crawl Stone Soup version 0.19.1 (webtiles) character file.

444 Dfrag the Firebug (level 6, 0/42 HPs)
             Began as a Demonspawn Fire Elementalist on Nov 29, 2016.
             Succumbed to an adder's poison
             ... on level 5 of the Dungeon.
             The game lasted 00:05:50 (3790 turns).

Dfrag the Firebug (Demonspawn Fire Elementalist)    Turns: 3790, Time: 00:05:51

Health: 0/42       AC:  3    Str:  9    XL:     6   Next: 72%
Magic:  1/12       EV: 12    Int: 18    God:
Gold:   140        SH:  0    Dex: 13    Spells: 2 memorised, 8 levels left

rFire  . . .     SeeInvis .     w - +0 long sword
rCold  . . .     Gourm    .     a - +0 robe
rNeg   . . .     Faith    .     (no shield)
rPois  .         Spirit   .     (no helmet)
rElec  .         Reflect  .     (no cloak)
rCorr  .         Harm     .     (no gloves)
MR     .....     Clarity  +     (no boots)
Stlth  ++........               (no amulet)
                                (no ring)
                                (no ring)

@: lethally poisoned (0 -> -3)
A: hooves 1, rugged brown scales 1, blurry vision 1, clarity
a: no special abilities


You were on level 5 of the Dungeon.
You were hungry.

You visited 1 branch of the dungeon, and saw 5 of its levels.

You collected 140 gold pieces.

Inventory:

Hand Weapons
 g - a +0 short sword
 k - a +0 dagger of draining
 w - a +0 long sword (weapon)
Armour
 a - a +0 robe (worn)
Jewellery
 m - an uncursed ring of ice
Scrolls
 d - 3 scrolls of remove curse {unknown}
 e - 2 scrolls of identify {unknown}
 f - 2 scrolls of teleportation {unknown}
 r - a scroll of enchant armour {unknown}
Potions
 h - a potion of resistance {unknown}
 l - a potion of brilliance {unknown}
 o - a potion of haste {unknown}
 p - a potion of mutation
 q - a potion of degeneration {unknown}
 s - a potion of curing {unknown}
 t - 2 potions of cancellation {unknown}
 u - a potion of berserk rage {unknown}
Books
 b - a book of Flames

   Spells                             Type                      Level
   a - Flame Tongue                   Conjuration/Fire             1
   b - Throw Flame                    Conjuration/Fire             2
   c - Conjure Flame                  Conjuration/Fire             3
   d - Inner Flame                    Hexes/Fire                   3
   e - Sticky Flame                   Conjuration/Fire             4
   f - Fireball                       Conjuration/Fire             5
Comestibles
 c - a bread ration
 i - a beef jerky
 j - 4 meat rations
 n - 3 fruits


   Skills:
 - Level 1.7 Dodging
 - Level 1.7 Stealth
 + Level 4.1 Spellcasting
 + Level 3.9 Conjurations
 + Level 4.6 Fire Magic


You had 8 spell levels left.
You knew the following spells:

 Your Spells              Type           Power        Failure   Level  Hunger
a - Flame Tongue          Conj/Fire      ###..        2%          1    None
d - Sticky Flame          Conj/Fire      ###.....     28%         4    ####...


Dungeon Overview and Level Annotations

Branches:
Dungeon (5/15)
 Temple: D:4-7

Altars:


Innate Abilities, Weirdness & Mutations

You are partially covered in rugged brown scales. (AC +1, +3% HP)
You have large cloven feet.
Scrolls take you a little longer to read.
You possess an exceptional clarity of mind.


Message History

Aim: an adder The flame tongue misses the adder.
* * * LOW HITPOINT WARNING * * *
You feel sick. The adder bites you.
* * * LOW HITPOINT WARNING * * *
Casting: Flame Tongue
Confirm with . or Enter, or press ? or * to list all spells.
Aiming: Flame Tongue
Press: ? - help, Shift-Dir - straight line, f/p - adder
Aim: an adder The flame tongue hits the adder.
The adder is heavily wounded.
The adder bites you but does no damage.
Casting: Flame Tongue
Confirm with . or Enter, or press ? or * to list all spells.
You don't have enough magic to cast that spell.
Unknown command.
It was a potion of mutation.
You feel extremely strange.
Your feet thicken and deform.
Your thoughts seem clearer.
Your vision blurs.
You die...

#### ####
##...##..%##
##..?.......##
#...$........#
##..[.........#
.......)......#
#.!........#
##...S....##
####@##### #.#
#.# ###.# #...#
#.### #.###.#
#.....##########
#..###.........#


You could see an adder.

Vanquished Creatures
  A centaur (D:5)
  A crimson imp (D:5)
  A hound (D:5)
  3 orc priests (D:3)
  3 orc wizards
  A howler monkey skeleton (D:4)
  2 adders
  3 oozes
  An adder skeleton (D:3)
  2 dart slugs
  3 leopard geckos
  7 orcs
  5 bats
  9 giant cockroaches
  4 hobgoblins
  6 jackals (D:2)
  A quokka (D:2)
  A ball python (D:2)
  3 frilled lizards
  6 goblins
  13 kobolds
  5 rats
81 creatures vanquished.

Notes
Turn   | Place    | Note
-------+----------+-------------------------------------------
     0 | D:1      | Dfrag the Demonspawn Fire Elementalist began the quest for the Orb.
     0 | D:1      | Reached XP level 1. HP: 13/13 MP: 3/3
   200 | D:1      | Gained mutation: You are partially covered in rugged brown scales. (AC +1, +3% HP) [demonic ancestry]
   200 | D:1      | Reached XP level 2. HP: 8/19 MP: 5/5
   930 | D:2      | Reached XP level 3. HP: 8/24 MP: 4/6
  1147 | D:2      | HP: 1/24 [leopard gecko (1)]
  1612 | D:3      | Reached XP level 4. HP: 12/30 MP: 3/8
  2192 | D:2      | Reached XP level 5. HP: 28/36 MP: 4/9
  2505 | D:3      | Learned a level 4 spell: Sticky Flame
  2796 | D:3      | Reached XP level 6. HP: 42/42 MP: 7/11
  3387 | D:5      | Entered Level 5 of the Dungeon
  3788 | D:5      | HP: 2/42 [poisoned by an adder]
  3790 | D:5      | Gained mutation: You have large cloven feet. [potion of mutation]
  3790 | D:5      | Gained mutation: You possess an exceptional clarity of mind. [potion of mutation]
  3790 | D:5      | Gained mutation: Scrolls take you a little longer to read. [potion of mutation]
  3790 | D:5      | Succumbed to an adder's poison

Skill      XL: |  1  2  3  4  5  6 |
---------------+-------------------+-----
Fire Magic     | 3 4 |  4.6
Conjurations   | 2 3 |  3.9
Spellcasting   | 3 4 |  4.1
Dodging        | |  1.7
Stealth        | |  1.7

Action                   |  1- 3 |  4- 6 || total
-------------------------+-------+-------++-------
Melee: Unarmed           |    19 |       ||    19
       Short sword       |    22 |       ||    22
       Dagger            |    58 |    49 ||   107
       Long sword        |       |    34 ||    34
 Cast: Flame Tongue      |    42 |    83 ||   125
       Sticky Flame      |       |     2 ||     2
  Use: Potion            |       |     1 ||     1
 Stab: Sleeping          |     4 |     1 ||     5
  Eat: Chunk             |     3 |     6 ||     9
Armor: Robe              |    32 |    35 ||    67
Dodge: Dodged            |    94 |    86 ||   180
       Rpst.: Long sword |       |     8 ||     8
